 Dungeon Crawl Stone Soup version 0.29.0-4-gdea44cf6ec (webtiles) character file.

Game seed: 1731526848773886961

92276 qw the Severer (level 16, -1/107 (108) HPs)
             Began as a Gargoyle Berserker on Sept 6, 2022.
             Was an Elder of Trog.
             Killed by divine providence
             ... invoked by an orc high priest
              (11 damage)
             ... on level 2 of the Orcish Mines.
             The game lasted 00:09:27 (26867 turns).

qw the Severer (Gargoyle Berserker)                Turns: 26867, Time: 00:09:27

HP:   -1/107 (108)  AC: 38    Str: 43    XL:     16   Next: 5%
MP:   0/16          EV:  8    Int:  7    God:    Trog [****..]
Gold: 2105          SH:  9    Dex:  6    Spells: 15/15 levels left

rFire   + + .      SeeInvis .   l - +9 broad axe (vamp)
rCold   . . .      Faith    .   w - +0 kite shield {AC+3}
rNeg    + . .      Spirit   +   n - +0 plate armour
rPois   inf        Reflect  .   x - +0 hat of the Swamp {Str+4}
rElec   +          Harm     .   t - scarf {repulsion}
rCorr   .          Rampage  +   u - +2 pair of gloves
Will    +++..                   r - +1 pair of boots of Cowardice {Contam Rampage rF++}
Stlth   ..........              k - amulet of guardian spirit
HPRegen 1.27/turn               c - +6 ring of strength
MPRegen 0.15/turn               i - +4 ring of protection

@: strong-willed, corroded, on berserk cooldown, flying, regenerating, slowed,
lightly drained, repel missiles, very slow
A: sickness immunity, AC +12, big wings, negative energy resistance 1,
electricity resistance, torment resistance 1, petrification resistance,
iridescent scales 1, clumsy 1, strong 1
a: Renounce Religion, Berserk, Trog's Hand, Brothers in Arms


You were on level 2 of the Orcish Mines.
You worshipped Trog.
Trog was greatly pleased with you.
You visited 3 branches of the dungeon, and saw 22 of its levels.

You collected 2261 gold pieces.
You spent 156 gold pieces at shops.


Innate Abilities, Weirdness & Mutations

You are immune to sickness and miasma.
Your stone body is resilient. (AC +12)
You are immune to poison.
Your large and strong wings let you fly.
You resist negative energy. (rN+)
You are resistant to electric shocks. (rElec)
You are resistant to unholy torment.
You are immune to petrification.
You are partially covered in iridescent scales. (AC +2)
You are clumsy. (Dex -2)
Your muscles are strong. (Str +4, Int/Dex -1)


   Skills:
 - Level 15.0 Fighting
 - Level 18.0 Axes
 - Level 5.0 Throwing
 - Level 12.5 Armour
 - Level 3.0 Dodging
 + Level 10.0 Shields


You had 15 spell levels left.
You didn't know any spells.
Your spell library was empty.

Inventory:

Hand Weapons
 a - a +2 war axe of flaming
 l - a +9 vampiric broad axe (weapon)
Missiles
 h - 6 boomerangs (quivered)
Armour
 n - a +0 plate armour (worn)
 q - a +0 cloak
 r - the +1 pair of boots of Cowardice (worn) {Contam Rampage rF++}
   (You acquired it on level 5 of the Lair of Beasts)

   rF:        It greatly protects you from fire.
   Contam:    It causes magical contamination when unequipped.
   Rampage:   It bestows one free step when moving towards enemies.
 t - a scarf of repulsion (worn)
 u - a +2 pair of gloves (worn)
 w - a +0 kite shield of protection (worn)
 x - the +0 hat of the Swamp (worn) {Str+4}
   (You found it on level 12 of the Dungeon)

   Str:       It affects your strength (+4).
Jewellery
 c - a +6 ring of strength (left hand)
 i - a +4 ring of protection (right hand)
 k - an amulet of guardian spirit (around neck)
Wands
 j - a wand of digging (7)
Scrolls
 b - 13 scrolls of identify
 m - 5 scrolls of teleportation
 s - a scroll of enchant weapon
Potions
 d - a potion of resistance
 e - 2 potions of cancellation
 f - 2 potions of might
 g - 5 potions of mutation
 o - 10 potions of curing
 p - 3 potions of heal wounds
 v - 3 potions of haste

Dungeon Overview and Level Annotations

Branches:
Dungeon (15/15)            Temple (0/1) D:4            Lair (5/5) D:8
  Swamp (0/4) Lair:2       Spider (0/4) Lair:2        Slime (0/5) Lair:4
    Orc (2/2) D:10            Elf (0/3) Orc:2        Vaults (0/5) D:14
 Depths (0/4) D:15

Altars:
Cheibriados
Gozag
Kikubaaqudgha
Ru
Sif Muna
Trog
Uskayaw
Vehumet
Yredelemnul
Jiyva

Shops:
D:4 *   D:6 (   D:9 *

Annotations:
D:2 1 runed translucent door, Crazy Yiuf
D:4 2 transporters, qw's ghost, novice BaCK
D:7 4 runed translucent doors, qw's ghost, novice MiBe
D:14 2 runed translucent doors, qw's ghost, journeyman MiBe


Message History

You barely miss the orc warrior. You hit the orc warrior.
You feel better.
Your skin stops crawling.
You feel less strong-willed.
The orc warrior no longer looks unusually strong.
The orc wizard no longer looks unusually strong.
The orc no longer looks unusually strong.
The orc warrior hits you but does no damage.
The orc sorcerer casts a spell.
The orc warrior hits you but does no damage.
You block the orc warrior's attack.
The orc warrior hits you from afar with a +0 trident!
The orc high priest intones a terrible prayer.
The orc warrior closely misses you.
An orc high priest comes into view. It is wielding a +0 trident.
The orc sorcerer points at you and mumbles some strange words.
The bolt of negative energy hits the orc warrior!
The orc warrior is drained!
The bolt of negative energy hits you! You partially resist.
You feel drained.
The orc priest mumbles some strange prayers to Beogh against you.
Beogh smites you!
Your Shields skill increases to level 10!
26867 ||| INVOKING Trog's Hand.
Your skin crawls.
You feel strong-willed.
The orc high priest shouts!
The orc warrior no longer looks unusually strong.
The orc sorcerer no longer looks unusually strong.
The orc priest no longer looks unusually strong.
The orc warrior no longer looks unusually strong. x2
The orc priest mumbles some strange prayers to Beogh against you.
Beogh smites you!
The orc sorcerer casts a spell.
You block the orc warrior's attack.
The orc warrior hits you but does no damage.
Something hits you but does no damage.
The orc warrior hits you with a +0 mace!
The orc warrior closely misses you.
The orc wizard casts a spell.
The orc wizard flickers and vanishes!
The orc high priest mumbles some strange prayers to Beogh against you.
Beogh smites you!
You die... .o5ooo.4... #ooooooo..#

#5o5oooo..# #53ooooo..#
#4o4oo{o4.# oo4ooo4..#
###oo444### #..o@o{...#
###)¤{..### #####.##¤¤¤.#
##.#..)))#..##
#....#.......##... #
#...........##..... #
###.#....8..###..... #####
#.##........#.......###.#.#
##......##+###........#.....


You could see an orc warlord (strong), an orc knight (strong), 3 orc high
priests, 2 orange demons, 3 hellwings, 2 rust devils, a ynoxinul (summoned), a
chaos spawn (summoned), 3 orc sorcerers, a red devil (summoned), 12 orc
warriors, 8 orc priests, an orc wizard, 5 orcs and 4 ufetubi.

Vanquished Creatures
  Kirke (D:13)
  A quicksilver ooze (Lair:5)
  Azrael (D:13)
  A fire dragon (Lair:5)
  8 boulder beetles
  5 hydras
  Erolcha (D:12)
  A centaur warrior (D:14)
  3 two-headed ogres
  A death knight (D:13)
  4 tengu warriors (D:15)
  An alligator (Lair:5)
  2 orc high priests
  Urug (Lair:1)
  Sonja (Lair:2)
  Amaemon (Lair:2)
  Nergalle (Lair:2)
  A swamp dragon (Lair:5)
  3 bog bodies (Lair:2)
  3 deep elf pyromancers
  A necromancer (D:15)
  A wizard (D:15)
  3 orc sorcerers
  3 orc knights
  5 cyclopes
  8 ugly things
  5 manticores
  12 elephants
  A centaur zombie (D:15)
  Maurice (D:12)
  3 black mambas
  2 centaur skeletons (D:15)
  An orange demon (Lair:2)
  A naga mage (D:15)
  10 cane toads
  2 rime drakes
  4 yaktaurs (D:15)
  4 komodo dragons
  Psyche (D:10)
  6 kobold demonologists
  Maggie (D:6)
  2 tengu conjurers
  A freezing wraith (D:15)
  4 trolls
  Grinder (D:6)
  18 blink frogs
  14 polar bears
  A raiju (Lair:5)
  A hornet (D:9)
  14 slime creatures
  Sigmund (D:2)
  3 jumping spiders (Lair:2)
  41 yaks
  A jumping spider (shapeshifter) (D:15)
  2 wyverns
  2 vampires
  A water elemental (D:11)
  7 basilisks
  4 wraiths
  A steam dragon (Lair:5)
  3 vampire mosquitoes (D:13)
  3 fire elementals (D:13)
  A hog (D:13)
  Menkaure (D:6)
  5 wargs
  2 swamp worms (Lair:2)
  4 acid dragons
  15 hell hounds
  4 water moccasins
  2 swamp drakes (Lair:5)
  16 orc warriors
  4 ice beasts
  14 black bears
  43 wolves
  5 ogres
  7 centaurs
  A phantom (D:7)
  7 kobold brigands
  A necrophage (D:6)
  A gnoll sergeant (D:11)
  7 scorpions
  12 bullfrogs
  4 wights
  A hornet simulacrum (D:8)
  12 killer bees
  4 electric eels
  4 howler monkeys
  3 hounds
  8 orc priests
  A gnoll bouda (D:9)
  8 jellies
  2 iguanas
  Natasha (thrice) (D:2)
  26 orc wizards
  5 hell rats (Lair:3)
  Terence (D:2)
  A statue (D:4)
  12 gnolls
  13 adders
  3 shadow imps
  6 white imps
  A dart slug (D:10)
  36 orcs
  3 bats (D:2)
  3 endoplasms
  4 giant cockroaches
  8 goblins
  5 hobgoblins
  4 jackals (D:4)
  3 quokkas
  3 ball pythons
  A frilled lizard (D:2)
  21 kobolds
  A kobold zombie (D:7)
  6 rats
609 creatures vanquished.

Vanquished Creatures (collateral kills)
  A boulder beetle (D:12)
  3 hydras
  3 death yaks (Lair:5)
  A cane toad (Lair:5)
  A komodo dragon (Lair:5)
  2 blink frogs (Lair:5)
  A hog (D:13)
  A warg (Lair:5)
  3 hell hounds (Lair:5)
  2 black bears (Lair:5)
  3 wolves (Lair:5)
21 creatures vanquished.

Vanquished Creatures (others)
  2 humans (D:13)
  53 fungi
  164 plants
  5 toadstools (D:3)
  3 withered plants (D:4)
227 creatures vanquished.

Grand Total: 857 creatures vanquished

Notes
Turn   | Place    | Note
-------+----------+-------------------------------------------
     0 | D:1      | qw the Gargoyle Berserker began the quest for the Orb.
     0 | D:1      | Reached XP level 1. HP: 14/14 MP: 1/1
     0 | D:1      | 0 ||| qw: Version: 0.1-a-108-g9e35731
     0 | D:1      | 0 ||| qw: Game counter: 6205
     0 | D:1      | 0 ||| qw: Always use a shield: true
     0 | D:1      | 0 ||| qw: Do Orc after D:15 true
     0 | D:1      | 0 ||| qw: Do second Lair branch before Depths: true
     0 | D:1      | 0 ||| qw: Lair rune preference: random
     0 | D:1      | 0 ||| qw: Plans: Normal
     0 | D:1      | 0 ||| PLANNING D:1-11
   161 | D:1      | 161 ||| Stepping ~*~*~tactically~*~*~ (stealth).
   174 | D:1      | Reached skill level 3 in Axes
   250 | D:1      | 250 ||| DROPPING +0 club.
   314 | D:1      | 314 ||| INVOKING Berserk.
   535 | D:1      | Reached XP level 2. HP: 19/19 MP: 2/2
   863 | D:1      | 863 ||| DROPPING +0 whip.
  1009 | D:1      | Found a faded altar of an unknown god.
  1199 | D:1      | 1199 ||| UPGRADING to +6 ring of strength.
  1200 | D:1      | 1200 ||| DROPPING ring of flight.
  1201 | D:1      | 1201 ||| READING scroll labelled FUICEL TYOBO.
  1202 | D:1      | 1202 ||| READING scroll labelled QOPACO ACLE.
  1203 | D:1      | 1203 ||| READING scroll labelled MOUREOST UDAN.
  1204 | D:1      | 1204 ||| DRINKING 3 bubbling inky potions.
  1238 | D:2      | Noticed Terence
  1241 | D:2      | 1241 ||| INVOKING Berserk.
  1244 | D:2      | Killed Terence
  1245 | D:2      | Reached XP level 3. HP: 23/23 MP: 3/3
  1253 | D:2      | Reached skill level 4 in Axes
  1418 | D:2      | Noticed Natasha
  1419 | D:2      | 1419 ||| Stepping ~*~*~tactically~*~*~ (hiding).
  1424 | D:2      | 1424 ||| INVOKING Berserk.
  1434 | D:2      | Killed Natasha
  1435 | D:2      | Reached XP level 4. HP: 18/28 MP: 4/4
  1544 | D:2      | 1544 ||| FLEEEEING.
  1545 | D:2      | 1545 ||| FLEEEEING.
  1546 | D:2      | 1546 ||| FLEEEEING.
  1547 | D:2      | 1547 ||| FLEEEEING.
  1548 | D:2      | 1548 ||| FLEEEEING.
  1549 | D:2      | 1549 ||| FLEEEEING.
  1578 | D:2      | Noticed Natasha
  1579 | D:2      | 1579 ||| Stepping ~*~*~tactically~*~*~ (stealth).
  1581 | D:2      | 1581 ||| Stepping ~*~*~tactically~*~*~ (hiding).
  1585 | D:2      | 1585 ||| INVOKING Berserk.
  1590 | D:2      | Killed Natasha
  1883 | D:2      | Noticed Natasha
  1887 | D:2      | 1887 ||| INVOKING Berserk.
  1888 | D:2      | 1888 ||| INVOKING Berserk.
  1890 | D:2      | Killed Natasha
  1891 | D:2      | Reached skill level 5 in Axes
  1891 | D:2      | Reached XP level 5. HP: 32/32 MP: 5/5
  2086 | D:2      | 2086 ||| Stepping ~*~*~tactically~*~*~ (stealth).
  2091 | D:2      | 2091 ||| Stepping ~*~*~tactically~*~*~ (stealth).
  2463 | D:2      | Noticed Sigmund
  2466 | D:2      | 2466 ||| INVOKING Berserk.
  2471 | D:2      | Killed Sigmund
  2472 | D:2      | Reached XP level 6. HP: 41/41 MP: 6/6
  2600 | D:2      | Found a runed translucent door.
  2601 | D:2      | Noticed Crazy Yiuf
  2820 | D:2      | 2820 ||| UPGRADING to +0 ring mail.
  2830 | D:2      | 2830 ||| DROPPING +0 animal skin.
  2831 | D:2      | 2831 ||| UPGRADING to +2 buckler.
  2836 | D:2      | 2836 ||| READING scroll labelled TIRGHI AWIPP.
  3143 | D:3      | 3143 ||| Stepping ~*~*~tactically~*~*~ (stealth).
  3146 | D:3      | 3146 ||| Stepping ~*~*~tactically~*~*~ (stealth).
  3147 | D:3      | 3147 ||| Stepping ~*~*~tactically~*~*~ (stealth).
  3386 | D:3      | Reached skill level 1 in Shields
  3627 | D:3      | 3627 ||| UPGRADING to amulet of guardian spirit.
  3632 | D:3      | 3632 ||| READING 3 scrolls labelled VIEPTA MYEBOE.
  3633 | D:3      | 3633 ||| READING scroll labelled DOGUMY ZESIAMN.
  3634 | D:3      | 3634 ||| DRINKING 2 sapphire potions.
  3635 | D:3      | 3635 ||| READING 2 scrolls of identify.
  3635 | D:3      | 3635 ||| IDENTIFYING orange potion
  3636 | D:3      | 3636 ||| DROPPING potion of brilliance.
  3802 | D:4      | Found a radiant altar of Vehumet.
  3808 | D:4      | 3808 ||| INVOKING Berserk.
  3991 | D:4      | Found a transporter.
  3991 | D:4      | Noticed an orc warrior
  3994 | D:4      | Noticed qw's ghost (novice BaCK)
  4015 | D:4      | Found a transporter.
  4041 | D:4      | Found Mopnaelo's General Store.
  4054 | D:4      | Reached XP level 7. HP: 40/45 MP: 5/7
  4058 | D:4      | Reached ** piety under Trog
  4117 | D:4      | 4117 ||| BUYING +0 scale mail of fire resistance (132
                  | gold).
  4117 | D:4      | Bought a +0 scale mail of fire resistance for 132 gold
                  | pieces
  4117 | D:4      | 4117 ||| BUYING scroll of identify (24 gold).
  4117 | D:4      | Bought a scroll of identify for 24 gold pieces
  4155 | D:4      | Found an ancient bone altar of Kikubaaqudgha.
  4271 | D:4      | Found a staircase to the Ecumenical Temple.
  4300 | D:4      | 4300 ||| Stepping ~*~*~tactically~*~*~ (stealth).
  4301 | D:4      | 4301 ||| Stepping ~*~*~tactically~*~*~ (stealth).
  4302 | D:4      | 4302 ||| Stepping ~*~*~tactically~*~*~ (stealth).
  4305 | D:4      | 4305 ||| Stepping ~*~*~tactically~*~*~ (stealth).
  4306 | D:4      | 4306 ||| Stepping ~*~*~tactically~*~*~ (stealth).
  4774 | D:4      | 4774 ||| UPGRADING to +0 scale mail.
  4784 | D:4      | 4784 ||| DROPPING +0 ring mail.
  4785 | D:4      | 4785 ||| UPGRADING to +0 scale mail of fire resistance.
  4795 | D:4      | 4795 ||| DROPPING +0 scale mail.
  4796 | D:4      | 4796 ||| UPGRADING to +0 pair of gloves.
  4801 | D:4      | 4801 ||| READING scroll labelled YXZANNY ROIWK.
  4802 | D:4      | 4802 ||| READING scroll labelled FIMACSI JULE.
  4803 | D:4      | 4803 ||| READING 2 scrolls labelled BUS CONUN.
  4804 | D:4      | 4804 ||| DRINKING 2 smoky ruby potions.
  4804 | D:4      | Gained mutation: Your muscles are strong. (Str +4, Int/Dex
                  | -1) [potion of mutation]
  4804 | D:4      | Gained mutation: You are clumsy. (Dex -2) [potion of
                  | mutation]
  4804 | D:4      | Gained mutation: Your large and strong wings let you fly.
                  | [potion of mutation]
  4804 | D:4      | Gained mutation: You are partially covered in iridescent
                  | scales. (AC +2) [potion of mutation]
  4805 | D:4      | 4805 ||| READING 3 scrolls of identify.
  4805 | D:4      | 4805 ||| IDENTIFYING glowing coppery potion
  4806 | D:4      | 4806 ||| READING 2 scrolls of identify.
  4806 | D:4      | 4806 ||| IDENTIFYING black potion
  4807 | D:4      | 4807 ||| DROPPING potion of invisibility.
  4808 | D:4      | 4808 ||| DROPPING scroll of noise.
  4848 | D:5      | Entered Level 5 of the Dungeon
  4849 | D:5      | 4849 ||| PLANNING OSSUARY
  4916 | D:5      | Reached skill level 6 in Axes
  4960 | D:5      | 4960 ||| READING scroll of enchant armour.
  4960 | D:5      | 4960 ||| ENCHANTING +0 pair of gloves.
  5017 | D:5      | 5017 ||| Stepping ~*~*~tactically~*~*~ (stealth).
  5019 | D:5      | 5019 ||| Stepping ~*~*~tactically~*~*~ (stealth).
  5024 | D:5      | 5024 ||| Stepping ~*~*~tactically~*~*~ (stealth).
  5037 | D:5      | Reached skill level 3 in Shields
  5154 | D:5      | 5154 ||| Stepping ~*~*~tactically~*~*~ (hiding).
  5155 | D:5      | 5155 ||| Stepping ~*~*~tactically~*~*~ (hiding).
  5329 | D:5      | Found a sand-covered staircase.
  5330 | D:5      | 5330 ||| UPGRADING to +2 scale mail of willpower.
  5340 | D:5      | 5340 ||| UPGRADING to +0 pair of boots.
  5345 | D:5      | 5345 ||| READING scroll labelled TOMPOJ VUIKO.
  5346 | D:5      | 5346 ||| READING scroll labelled DAUPNI NUNEITS.
  5351 | D:5      | 5351 ||| READING scroll labelled BAMEMI KUEL.
  5403 | D:5      | 5403 ||| READING scroll labelled KAURIT YXOTWO.
  5403 | D:5      | Identified a scroll of acquirement
  5403 | D:5      | 5403 ||| ACQUIRING +7 vorpal broad axe
  5403 | D:5      | Acquired a +7 vorpal broad axe
  5405 | D:5      | 5405 ||| SWAPPING to +7 vorpal broad axe.
  5406 | D:5      | 5406 ||| DROPPING +0 hand axe.
  5407 | D:5      | 5407 ||| DRINKING 3 murky cyan potions.
  5408 | D:5      | 5408 ||| DRINKING 2 lumpy white potions.
  5512 | D:5      | 5512 ||| READING 4 scrolls of identify.
  5512 | D:5      | 5512 ||| IDENTIFYING brown potion
  5513 | D:5      | 5513 ||| READING 3 scrolls of identify.
  5513 | D:5      | 5513 ||| IDENTIFYING fizzy dark potion
  5514 | D:5      | 5514 ||| READING 2 scrolls of identify.
  5514 | D:5      | 5514 ||| IDENTIFYING yellow potion
  5515 | D:5      | 5515 ||| DROPPING potion of flight.
  5516 | D:5      | 5516 ||| DROPPING potion of attraction.
  5517 | D:5      | 5517 ||| DROPPING potion of berserk rage.
  5564 | D:5      | 5564 ||| RIP OSSUARY
  5583 | D:5      | 5583 ||| PLANNING D:1-11
  5909 | D:6      | 5909 ||| INVOKING Berserk.
  5910 | D:6      | 5910 ||| INVOKING Berserk.
  6028 | D:6      | Noticed Maggie
  6035 | D:6      | 6035 ||| Stepping ~*~*~tactically~*~*~ (stealth).
  6036 | D:6      | 6036 ||| Stepping ~*~*~tactically~*~*~ (stealth).
  6037 | D:6      | 6037 ||| Stepping ~*~*~tactically~*~*~ (hiding).
  6037 | D:6      | HP: 7/45 [something/bolt of fire (17)]
  6038 | D:6      | 6038 ||| Stepping ~*~*~tactically~*~*~ (hiding).
  6039 | D:6      | 6039 ||| Stepping ~*~*~tactically~*~*~ (hiding).
  6042 | D:6      | 6042 ||| DRINKING potion of heal wounds.
  6047 | D:6      | Reached skill level 7 in Axes
  6047 | D:6      | Reached XP level 8. HP: 35/51 MP: 2/8
  6047 | D:6      | 6047 ||| FLEEEEING.
  6047 | D:6      | Killed Maggie
  6048 | D:6      | Reached skill level 3 in Throwing
  6048 | D:6      | 6048 ||| FLEEEEING.
  6155 | D:6      | 6155 ||| Stepping ~*~*~tactically~*~*~ (hiding).
  6243 | D:6      | 6243 ||| Stepping ~*~*~tactically~*~*~ (stealth).
  6354 | D:6      | 6354 ||| Stepping ~*~*~tactically~*~*~ (hiding).
  6361 | D:6      | 6361 ||| INVOKING Berserk.
  6374 | D:6      | Reached skill level 8 in Axes
  6521 | D:6      | Noticed Grinder
  6522 | D:6      | 6522 ||| INVOKING Trog's Hand.
  6524 | D:6      | 6524 ||| INVOKING Berserk.
  6525 | D:6      | 6525 ||| INVOKING Berserk.
  6528 | D:6      | Killed Grinder
  6531 | D:6      | Reached skill level 6 in Fighting
  6531 | D:6      | Reached XP level 9. HP: 55/55 MP: 9/9
  6548 | D:6      | 6548 ||| Stepping ~*~*~tactically~*~*~ (hiding).
  6670 | D:6      | Found Jost's Antique Weapon Shoppe.
  6775 | D:6      | Found a shimmering blue altar of Sif Muna.
  6845 | D:6      | 6845 ||| INVOKING Berserk.
  7028 | D:6      | 7028 ||| Stepping ~*~*~tactically~*~*~ (stealth).
  7032 | D:6      | 7032 ||| INVOKING Berserk.
  7230 | D:6      | 7230 ||| FLEEEEING.
  7231 | D:6      | 7231 ||| FLEEEEING.
  7232 | D:6      | 7232 ||| FLEEEEING.
  7238 | D:6      | 7238 ||| FLEEEEING.
  7239 | D:6      | 7239 ||| FLEEEEING.
  7240 | D:6      | 7240 ||| FLEEEEING.
  7241 | D:6      | 7241 ||| FLEEEEING.
  7242 | D:6      | 7242 ||| FLEEEEING.
  7243 | D:6      | 7243 ||| FLEEEEING.
  7257 | D:6      | Noticed Menkaure
  7258 | D:6      | 7258 ||| INVOKING Berserk.
  7260 | D:6      | Killed Menkaure
  7261 | D:6      | Reached skill level 9 in Axes
  7618 | D:6      | 7618 ||| READING scroll labelled WEOHE LYLUTYU.
  7619 | D:6      | 7619 ||| DRINKING 2 lumpy purple potions.
  7658 | D:6      | 7658 ||| DROPPING potion of lignification.
  7687 | D:7      | Found a hide-covered altar of Uskayaw.
  7717 | D:7      | 7717 ||| INVOKING Berserk.
  7840 | D:7      | Found a runed translucent door.
  7849 | D:7      | 7849 ||| Stepping ~*~*~tactically~*~*~ (stealth).
  7927 | D:7      | Found a basalt altar of Yredelemnul.
  8000 | D:7      | 8000 ||| INVOKING Berserk.
  8134 | D:7      | 8134 ||| Stepping ~*~*~tactically~*~*~ (hiding).
  8140 | D:7      | 8140 ||| INVOKING Berserk.
  8281 | D:7      | 8281 ||| Stepping ~*~*~tactically~*~*~ (hiding).
  8283 | D:7      | 8283 ||| Stepping ~*~*~tactically~*~*~ (hiding).
  8534 | D:7      | Found a runed translucent gate.
  8534 | D:7      | Found a runed translucent gate.
  8538 | D:7      | Found a runed translucent gate.
  8543 | D:7      | Noticed a spectral unseen horror
  8543 | D:7      | Noticed qw's ghost (novice MiBe)
  8543 | D:7      | Noticed a spectral unseen horror
  8657 | D:7      | 8657 ||| UPGRADING to +1 hat.
  8662 | D:7      | 8662 ||| UPGRADING to +4 ring of protection.
  8663 | D:7      | 8663 ||| READING 3 scrolls of identify.
  8663 | D:7      | 8663 ||| IDENTIFYING pink potion
  8704 | D:8      | 8704 ||| STAIRDANCE
  8707 | D:7      | Reached skill level 10 in Axes
  8774 | D:8      | Noticed a polar bear
  8775 | D:8      | 8775 ||| STAIRDANCE
  8780 | D:7      | Reached XP level 10. HP: 63/63 MP: 6/10
  8875 | D:8      | 8875 ||| INVOKING Berserk.
  8882 | D:8      | 8882 ||| STAIRDANCE
  9085 | D:8      | 9085 ||| INVOKING Berserk.
  9269 | D:8      | 9269 ||| Stepping ~*~*~tactically~*~*~ (hiding).
  9271 | D:8      | 9271 ||| STAIRDANCE
  9471 | D:8      | 9471 ||| Stepping ~*~*~tactically~*~*~ (stealth).
  9496 | D:8      | 9496 ||| Stepping ~*~*~tactically~*~*~ (stealth).
  9497 | D:8      | 9497 ||| Stepping ~*~*~tactically~*~*~ (stealth).
  9507 | D:8      | 9507 ||| INVOKING Berserk.
  9516 | D:8      | Reached skill level 11 in Axes
  9678 | D:8      | 9678 ||| FLEEEEING.
  9679 | D:8      | 9679 ||| FLEEEEING.
  9680 | D:8      | 9680 ||| FLEEEEING.
  9683 | D:8      | 9683 ||| FLEEEEING.
  9684 | D:8      | 9684 ||| FLEEEEING.
  9685 | D:8      | 9685 ||| FLEEEEING.
  9686 | D:8      | 9686 ||| FLEEEEING.
  9687 | D:8      | 9687 ||| FLEEEEING.
  9688 | D:8      | 9688 ||| FLEEEEING.
  9689 | D:8      | 9689 ||| FLEEEEING.
  9690 | D:8      | 9690 ||| FLEEEEING.
  9691 | D:8      | 9691 ||| FLEEEEING.
  9692 | D:8      | 9692 ||| FLEEEEING.
  9697 | D:8      | 9697 ||| FLEEEEING.
  9698 | D:8      | 9698 ||| FLEEEEING.
  9701 | D:8      | 9701 ||| Stepping ~*~*~tactically~*~*~ (hiding).
  9703 | D:8      | 9703 ||| INVOKING Berserk.
  9844 | D:8      | 9844 ||| Stepping ~*~*~tactically~*~*~ (hiding).
  9851 | D:8      | 9851 ||| Stepping ~*~*~tactically~*~*~ (stealth).
  9852 | D:8      | 9852 ||| Stepping ~*~*~tactically~*~*~ (stealth).
  9853 | D:8      | 9853 ||| Stepping ~*~*~tactically~*~*~ (stealth).
  9854 | D:8      | 9854 ||| Stepping ~*~*~tactically~*~*~ (stealth).
  9879 | D:8      | 9879 ||| DROPPING +0 flail.
  9903 | D:8      | 9903 ||| Stepping ~*~*~tactically~*~*~ (stealth).
  9938 | D:8      | 9938 ||| Stepping ~*~*~tactically~*~*~ (stealth).
  9944 | D:8      | Reached *** piety under Trog
  9948 | D:8      | Reached skill level 9 in Fighting
  9949 | D:8      | 9949 ||| Stepping ~*~*~tactically~*~*~ (hiding).
  9951 | D:8      | 9951 ||| Stepping ~*~*~tactically~*~*~ (hiding).
 10080 | D:8      | 10080 ||| Stepping ~*~*~tactically~*~*~ (stealth).
 10290 | D:8      | Reached XP level 11. HP: 60/71 MP: 9/11
 10296 | D:8      | 10296 ||| INVOKING Berserk.
 10300 | D:8      | Reached skill level 12 in Axes
 10360 | D:8      | Found a staircase to the Lair.
 10382 | D:8      | 10382 ||| Stepping ~*~*~tactically~*~*~ (stealth).
 10385 | D:8      | 10385 ||| Stepping ~*~*~tactically~*~*~ (hiding).
 10386 | D:8      | 10386 ||| Stepping ~*~*~tactically~*~*~ (hiding).
 10608 | D:8      | 10608 ||| PLANNING LAIR
 10608 | D:8      | 10608 ||| DROPPING +0 chain mail.
 10609 | D:8      | 10609 ||| UPGRADING to +0 plate armour.
 10619 | D:8      | 10619 ||| DROPPING +2 scale mail of willpower.
 10620 | D:8      | 10620 ||| DROPPING +0 scale mail of fire resistance.
 10621 | D:8      | 10621 ||| UPGRADING to +0 helmet.
 10631 | D:8      | 10631 ||| DROPPING +1 hat.
 10632 | D:8      | 10632 ||| DROPPING +6 ring of dexterity.
 10633 | D:8      | 10633 ||| READING 3 scrolls of identify.
 10633 | D:8      | 10633 ||| IDENTIFYING smoky emerald potion
 10634 | D:8      | 10634 ||| DROPPING potion of magic.
 10676 | Lair:1   | Entered Level 1 of the Lair of Beasts
 10692 | Lair:1   | 10692 ||| INVOKING Berserk.
 10835 | Lair:1   | Noticed a seven-headed hydra
 10839 | Lair:1   | 10839 ||| SWAPPING to +2 hand axe of flaming.
 10840 | Lair:1   | 10840 ||| INVOKING Berserk.
 10844 | Lair:1   | Killed a four-headed hydra
 10845 | Lair:1   | Reached skill level 6 in Armour
 10854 | Lair:1   | 10854 ||| SWAPPING to +7 vampiric broad axe.
 11015 | Lair:1   | Noticed Urug
 11021 | Lair:1   | 11021 ||| INVOKING Berserk.
 11029 | Lair:1   | Killed Urug
 11186 | Lair:1   | 11186 ||| Stepping ~*~*~tactically~*~*~ (stealth).
 11273 | Lair:1   | 11273 ||| INVOKING Berserk.
 11450 | Lair:1   | 11450 ||| Stepping ~*~*~tactically~*~*~ (stealth).
 11453 | Lair:1   | 11453 ||| Stepping ~*~*~tactically~*~*~ (stealth).
 11457 | Lair:1   | 11457 ||| Stepping ~*~*~tactically~*~*~ (stealth).
 11472 | Lair:1   | Reached skill level 6 in Shields
 11477 | Lair:1   | 11477 ||| Stepping ~*~*~tactically~*~*~ (stealth).
 11481 | Lair:1   | 11481 ||| INVOKING Berserk.
 11683 | Lair:1   | 11683 ||| READING scroll of enchant armour.
 11683 | Lair:1   | 11683 ||| ENCHANTING +1 pair of gloves.
 12061 | Lair:1   | 12061 ||| DROPPING ring of willpower.
 12062 | Lair:1   | 12062 ||| READING scroll labelled VAOSOUC OCKUADD.
 12133 | Lair:2   | Found a hole to the Spider Nest.
 12147 | Lair:2   | Reached skill level 9 in Armour
 12203 | Lair:2   | 12203 ||| INVOKING Berserk.
 12242 | Lair:2   | Noticed Sonja
 12267 | Lair:2   | Killed Sonja
 12308 | Lair:2   | Noticed Nergalle
 12311 | Lair:2   | 12311 ||| INVOKING Berserk.
 12315 | Lair:2   | Killed Nergalle
 12449 | Lair:2   | 12449 ||| Stepping ~*~*~tactically~*~*~ (stealth).
 12454 | Lair:2   | 12454 ||| INVOKING Berserk.
 12468 | Lair:2   | 12468 ||| Stepping ~*~*~tactically~*~*~ (stealth).
 12548 | Lair:2   | 12548 ||| INVOKING Berserk.
 12551 | Lair:2   | Noticed a six-headed hydra
 12553 | Lair:2   | Reached XP level 12. HP: 77/77 MP: 9/12
 12560 | Lair:2   | 12560 ||| SWAPPING to +2 hand axe of flaming.
 12563 | Lair:2   | Killed a six-headed hydra
 12564 | Lair:2   | 12564 ||| SWAPPING to +7 vampiric broad axe.
 12592 | Lair:2   | 12592 ||| INVOKING Berserk.
 12832 | Lair:2   | 12832 ||| Stepping ~*~*~tactically~*~*~ (hiding).
 12909 | Lair:2   | 12909 ||| Stepping ~*~*~tactically~*~*~ (stealth).
 12914 | Lair:2   | 12914 ||| Stepping ~*~*~tactically~*~*~ (stealth).
 12918 | Lair:2   | Reached skill level 13 in Axes
 12929 | Lair:2   | Noticed Amaemon
 12939 | Lair:2   | 12939 ||| Stepping ~*~*~tactically~*~*~ (stealth).
 12947 | Lair:2   | 12947 ||| INVOKING Berserk.
 12954 | Lair:2   | Killed Amaemon
 12970 | Lair:2   | 12970 ||| Stepping ~*~*~tactically~*~*~ (stealth).
 12971 | Lair:2   | 12971 ||| Stepping ~*~*~tactically~*~*~ (stealth).
 13090 | Lair:2   | 13090 ||| Stepping ~*~*~tactically~*~*~ (stealth).
 13128 | Lair:2   | 13128 ||| Stepping ~*~*~tactically~*~*~ (stealth).
 13129 | Lair:2   | 13129 ||| Stepping ~*~*~tactically~*~*~ (stealth).
 13440 | Lair:2   | 13440 ||| Stepping ~*~*~tactically~*~*~ (hiding).
 13444 | Lair:2   | 13444 ||| Stepping ~*~*~tactically~*~*~ (hiding).
 13444 | Lair:2   | Found a staircase to the Swamp.
 13449 | Lair:2   | 13449 ||| Stepping ~*~*~tactically~*~*~ (hiding).
 13453 | Lair:2   | 13453 ||| Stepping ~*~*~tactically~*~*~ (cloud).
 13455 | Lair:2   | Reached **** piety under Trog
 13797 | Lair:3   | 13797 ||| PLANNING GAUNTLET
 13808 | Lair:3   | 13808 ||| INVOKING Berserk.
 13825 | Lair:3   | Reached skill level 14 in Axes
 13953 | Lair:3   | 13953 ||| Stepping ~*~*~tactically~*~*~ (stealth).
 13958 | Lair:3   | 13958 ||| INVOKING Berserk.
 14150 | Lair:3   | 14150 ||| INVOKING Berserk.
 14171 | Lair:3   | 14171 ||| Stepping ~*~*~tactically~*~*~ (stealth).
 14232 | Lair:3   | 14232 ||| RIP GAUNTLET
 14243 | Lair:3   | 14243 ||| PLANNING LAIR
 14263 | Lair:3   | 14263 ||| Stepping ~*~*~tactically~*~*~ (hiding).
 14264 | Lair:3   | 14264 ||| Stepping ~*~*~tactically~*~*~ (hiding).
 14418 | Lair:3   | 14418 ||| Stepping ~*~*~tactically~*~*~ (stealth).
 14531 | Lair:3   | 14531 ||| INVOKING Berserk.
 14539 | Lair:3   | Reached XP level 13. HP: 84/84 MP: 13/13
 14648 | Lair:3   | 14648 ||| FLEEEEING.
 14649 | Lair:3   | 14649 ||| FLEEEEING.
 14658 | Lair:3   | 14658 ||| FLEEEEING.
 14659 | Lair:3   | 14659 ||| FLEEEEING.
 14660 | Lair:3   | 14660 ||| FLEEEEING.
 14661 | Lair:3   | 14661 ||| FLEEEEING.
 14662 | Lair:3   | 14662 ||| FLEEEEING.
 14663 | Lair:3   | 14663 ||| FLEEEEING.
 14664 | Lair:3   | 14664 ||| FLEEEEING.
 14665 | Lair:3   | 14665 ||| FLEEEEING.
 14758 | Lair:3   | 14758 ||| Stepping ~*~*~tactically~*~*~ (stealth).
 14769 | Lair:3   | 14769 ||| Stepping ~*~*~tactically~*~*~ (stealth).
 14779 | Lair:3   | 14779 ||| INVOKING Berserk.
 15203 | Lair:4   | Found a staircase to the Slime Pits.
 15205 | Lair:4   | Found a viscous altar of Jiyva.
 15400 | Lair:4   | Reached skill level 15 in Axes
 15412 | Lair:4   | 15412 ||| Stepping ~*~*~tactically~*~*~ (stealth).
 15414 | Lair:4   | 15414 ||| Stepping ~*~*~tactically~*~*~ (stealth).
 15442 | Lair:4   | 15442 ||| INVOKING Brothers in Arms.
 15443 | Lair:4   | 15443 ||| INVOKING Brothers in Arms.
 15450 | Lair:4   | 15450 ||| SWAPPING to +2 hand axe of flaming.
 15451 | Lair:4   | 15451 ||| INVOKING Berserk.
 15461 | Lair:4   | 15461 ||| SWAPPING to +7 vampiric broad axe.
 15873 | Lair:4   | Found a bloodstained altar of Trog.
 15879 | Lair:4   | 15879 ||| INVOKING Berserk.
 16274 | Lair:5   | Entered Level 5 of the Lair of Beasts
 16276 | Lair:5   | 16276 ||| INVOKING Berserk.
 16289 | Lair:5   | 16289 ||| STAIRDANCE
 16404 | Lair:5   | 16404 ||| Stepping ~*~*~tactically~*~*~ (stealth).
 16411 | Lair:5   | 16411 ||| INVOKING Berserk.
 16434 | Lair:5   | 16434 ||| Stepping ~*~*~tactically~*~*~ (stealth).
 16436 | Lair:5   | 16436 ||| Stepping ~*~*~tactically~*~*~ (stealth).
 16437 | Lair:5   | 16437 ||| Stepping ~*~*~tactically~*~*~ (stealth).
 16438 | Lair:5   | 16438 ||| Stepping ~*~*~tactically~*~*~ (stealth).
 16633 | Lair:5   | Reached skill level 12 in Fighting
 16725 | Lair:5   | 16725 ||| INVOKING Brothers in Arms.
 16726 | Lair:5   | 16726 ||| INVOKING Brothers in Arms.
 16727 | Lair:5   | 16727 ||| INVOKING Brothers in Arms.
 16728 | Lair:5   | 16728 ||| INVOKING Brothers in Arms.
 16729 | Lair:5   | 16729 ||| INVOKING Brothers in Arms.
 16730 | Lair:5   | 16730 ||| SWAPPING to +2 hand axe of flaming.
 16731 | Lair:5   | 16731 ||| INVOKING Berserk.
 16761 | Lair:5   | 16761 ||| SWAPPING to +7 vampiric broad axe.
 16763 | Lair:5   | 16763 ||| SWAPPING to +2 hand axe of flaming.
 16774 | Lair:5   | 16774 ||| SWAPPING to +7 vampiric broad axe.
 16777 | Lair:5   | Mutation became permanent: Your large and strong wings let
                  | you fly. [Gargoyle growth]
 16777 | Lair:5   | Gained mutation: Your large and strong wings let you fly.
                  | [Gargoyle growth]
 16777 | Lair:5   | Reached XP level 14. HP: 56/92 MP: 9/14
 16870 | Lair:5   | 16870 ||| Stepping ~*~*~tactically~*~*~ (hiding).
 16881 | Lair:5   | Reached ***** piety under Trog
 16891 | Lair:5   | 16891 ||| INVOKING Berserk.
 17026 | Lair:5   | 17026 ||| INVOKING Berserk.
 17057 | Lair:5   | 17057 ||| FLEEEEING.
 17076 | Lair:5   | 17076 ||| Stepping ~*~*~tactically~*~*~ (hiding).
 17082 | Lair:5   | 17082 ||| Stepping ~*~*~tactically~*~*~ (stealth).
 17091 | Lair:5   | 17091 ||| INVOKING Berserk.
 17117 | Lair:5   | 17117 ||| Stepping ~*~*~tactically~*~*~ (stealth).
 17231 | Lair:5   | 17231 ||| Stepping ~*~*~tactically~*~*~ (stealth).
 17241 | Lair:5   | 17241 ||| INVOKING Berserk.
 17374 | Lair:5   | 17374 ||| Stepping ~*~*~tactically~*~*~ (stealth).
 17378 | Lair:5   | 17378 ||| Stepping ~*~*~tactically~*~*~ (stealth).
 17381 | Lair:5   | 17381 ||| Stepping ~*~*~tactically~*~*~ (stealth).
 17391 | Lair:5   | 17391 ||| INVOKING Berserk.
 17411 | Lair:5   | 17411 ||| Stepping ~*~*~tactically~*~*~ (stealth).
 17558 | Lair:5   | 17558 ||| READING 2 scrolls of acquirement.
 17558 | Lair:5   | 17558 ||| ACQUIRING scarf of repulsion
 17558 | Lair:5   | Acquired a scarf of repulsion
 17560 | Lair:5   | 17560 ||| UPGRADING to scarf of repulsion.
 17565 | Lair:5   | 17565 ||| READING scroll of acquirement.
 17565 | Lair:5   | 17565 ||| ACQUIRING +1 pair of boots of Cowardice {Contam
                  | Rampage rF++}
 17565 | Lair:5   | Acquired the +1 pair of boots of Cowardice {Contam Rampage
                  | rF++}
 17567 | Lair:5   | 17567 ||| UPGRADING to +1 pair of boots of Cowardice
                  | {Contam Rampage rF++}.
 17577 | Lair:5   | 17577 ||| DROPPING +0 pair of boots.
 17835 | Lair:5   | 17835 ||| Stepping ~*~*~tactically~*~*~ (stealth).
 17838 | Lair:5   | 17838 ||| Stepping ~*~*~tactically~*~*~ (stealth).
 17848 | Lair:5   | 17848 ||| Stepping ~*~*~tactically~*~*~ (stealth).
 17854 | Lair:5   | 17854 ||| Stepping ~*~*~tactically~*~*~ (stealth).
 17855 | Lair:5   | 17855 ||| Stepping ~*~*~tactically~*~*~ (stealth).
 17856 | Lair:5   | 17856 ||| Stepping ~*~*~tactically~*~*~ (stealth).
 17865 | Lair:5   | 17865 ||| Stepping ~*~*~tactically~*~*~ (stealth).
 17866 | Lair:5   | 17866 ||| Stepping ~*~*~tactically~*~*~ (stealth).
 17883 | Lair:5   | 17883 ||| Stepping ~*~*~tactically~*~*~ (stealth).
 17895 | Lair:5   | 17895 ||| Stepping ~*~*~tactically~*~*~ (stealth).
 17924 | Lair:5   | Noticed a quicksilver ooze
 17927 | Lair:5   | 17927 ||| INVOKING Berserk.
 17931 | Lair:5   | Killed a quicksilver ooze
 17932 | Lair:5   | Reached skill level 16 in Axes
 18239 | Lair:5   | 18239 ||| Stepping ~*~*~tactically~*~*~ (stealth).
 18241 | Lair:5   | 18241 ||| Stepping ~*~*~tactically~*~*~ (hiding).
 18381 | Lair:5   | 18381 ||| Stepping ~*~*~tactically~*~*~ (stealth).
 18387 | Lair:5   | 18387 ||| INVOKING Brothers in Arms.
 18388 | Lair:5   | 18388 ||| INVOKING Brothers in Arms.
 18389 | Lair:5   | 18389 ||| INVOKING Brothers in Arms.
 18395 | Lair:5   | 18395 ||| INVOKING Berserk.
 18586 | Lair:5   | 18586 ||| PLANNING D:1-11
 18586 | Lair:5   | 18586 ||| READING 3 scrolls labelled ESMAL HIUM.
 18687 | Lair:5   | 18687 ||| DROPPING 2 scrolls of silence.
 18833 | D:9      | 18833 ||| STAIRDANCE
 18855 | D:9      | 18855 ||| Stepping ~*~*~tactically~*~*~ (hiding).
 18964 | D:9      | Found a sacrificial altar of Ru.
 19017 | D:9      | 19017 ||| Stepping ~*~*~tactically~*~*~ (stealth).
 19019 | D:9      | 19019 ||| Stepping ~*~*~tactically~*~*~ (hiding).
 19021 | D:9      | 19021 ||| Stepping ~*~*~tactically~*~*~ (hiding).
 19028 | D:9      | 19028 ||| Stepping ~*~*~tactically~*~*~ (hiding).
 19189 | D:9      | 19189 ||| Stepping ~*~*~tactically~*~*~ (stealth).
 19191 | D:9      | 19191 ||| Stepping ~*~*~tactically~*~*~ (stealth).
 19193 | D:9      | 19193 ||| Stepping ~*~*~tactically~*~*~ (hiding).
 19315 | D:9      | 19315 ||| Stepping ~*~*~tactically~*~*~ (hiding).
 19322 | D:9      | 19322 ||| Stepping ~*~*~tactically~*~*~ (hiding).
 19334 | D:9      | 19334 ||| Stepping ~*~*~tactically~*~*~ (stealth).
 19364 | D:9      | Found an opulent altar of Gozag.
 19405 | D:9      | Found Addec's Serpentskin Sales.
 19419 | D:9      | 19419 ||| Stepping ~*~*~tactically~*~*~ (hiding).
 19664 | D:9      | 19664 ||| READING scroll labelled ZUTILU XUOGG.
 19680 | D:10     | Entered Level 10 of the Dungeon
 19737 | D:10     | Noticed Psyche
 19755 | D:10     | Killed Psyche
 19962 | D:10     | 19962 ||| Stepping ~*~*~tactically~*~*~ (stealth).
 19964 | D:10     | 19964 ||| Stepping ~*~*~tactically~*~*~ (stealth).
 19974 | D:10     | Identified the +4 executioner's axe of Ancient Evil {flame,
                  | *Rage Str+3} (Trog gifted it to you on level 10 of the
                  | Dungeon)
 19974 | D:10     | Received a gift from Trog
 20112 | D:10     | Found a staircase to the Orcish Mines.
 20154 | D:10     | 20154 ||| Stepping ~*~*~tactically~*~*~ (hiding).
 20201 | D:10     | Found a snail-covered altar of Cheibriados.
 20619 | D:11     | 20619 ||| Stepping ~*~*~tactically~*~*~ (hiding).
 20621 | D:11     | 20621 ||| Stepping ~*~*~tactically~*~*~ (hiding).
 20757 | D:11     | 20757 ||| Stepping ~*~*~tactically~*~*~ (hiding).
 20772 | D:11     | 20772 ||| DROPPING +2 hand axe of flaming.
 20783 | D:11     | 20783 ||| Stepping ~*~*~tactically~*~*~ (hiding).
 20784 | D:11     | 20784 ||| Stepping ~*~*~tactically~*~*~ (hiding).
 20998 | D:11     | 20998 ||| Stepping ~*~*~tactically~*~*~ (hiding).
 21006 | D:11     | Reached skill level 17 in Axes
 21112 | D:11     | 21112 ||| DRINKING 9 potions of curing.
 21112 | D:11     | 21112 ||| (to cure confusion)
 21324 | D:11     | 21324 ||| PLANNING D
 21324 | D:11     | 21324 ||| READING 9 scrolls of identify.
 21324 | D:11     | 21324 ||| IDENTIFYING dark potion
 21325 | D:11     | 21325 ||| DROPPING potion of degeneration.
 21367 | D:12     | Noticed Maurice
 21368 | D:12     | 21368 ||| Stepping ~*~*~tactically~*~*~ (hiding).
 21369 | D:12     | 21369 ||| Stepping ~*~*~tactically~*~*~ (hiding).
 21370 | D:12     | 21370 ||| Stepping ~*~*~tactically~*~*~ (hiding).
 21371 | D:12     | 21371 ||| Stepping ~*~*~tactically~*~*~ (hiding).
 21379 | D:12     | Paralysed by something for 2 turns
 21388 | D:12     | Killed Maurice
 21416 | D:12     | 21416 ||| Stepping ~*~*~tactically~*~*~ (stealth).
 21417 | D:12     | 21417 ||| Stepping ~*~*~tactically~*~*~ (stealth).
 21418 | D:12     | 21418 ||| Stepping ~*~*~tactically~*~*~ (stealth).
 21423 | D:12     | 21423 ||| INVOKING Brothers in Arms.
 21424 | D:12     | 21424 ||| SWAPPING to +2 war axe of flaming.
 21425 | D:12     | 21425 ||| INVOKING Berserk.
 21434 | D:12     | 21434 ||| SWAPPING to +7 vampiric broad axe.
 21585 | D:12     | 21585 ||| Stepping ~*~*~tactically~*~*~ (stealth).
 21619 | D:12     | 21619 ||| Stepping ~*~*~tactically~*~*~ (stealth).
 21627 | D:12     | 21627 ||| Stepping ~*~*~tactically~*~*~ (hiding).
 21693 | D:12     | 21693 ||| Stepping ~*~*~tactically~*~*~ (stealth).
 21697 | D:12     | Received a gift from Trog
 21712 | D:12     | Found a frozen archway.
 21729 | D:12     | 21729 ||| Stepping ~*~*~tactically~*~*~ (stealth).
 21770 | D:12     | Noticed Erolcha
 21771 | D:12     | 21771 ||| Stepping ~*~*~tactically~*~*~ (hiding).
 21772 | D:12     | 21772 ||| Stepping ~*~*~tactically~*~*~ (hiding).
 21774 | D:12     | 21774 ||| INVOKING Trog's Hand.
 21798 | D:12     | Killed Erolcha
 21918 | D:12     | Reached skill level 12 in Armour
 21926 | D:12     | Identified the +0 hat of the Swamp {Str+4}
 22056 | D:12     | 22056 ||| INVOKING Brothers in Arms.
 22058 | D:12     | 22058 ||| INVOKING Berserk.
 22281 | D:12     | 22281 ||| UPGRADING to +0 hat of the Swamp {Str+4}.
 22291 | D:12     | 22291 ||| DROPPING +0 helmet.
 22292 | D:12     | 22292 ||| DROPPING ring of protection from cold.
 22332 | D:13     | Reached XP level 15. HP: 91/98 MP: 13/15
 22415 | D:13     | 22415 ||| Stepping ~*~*~tactically~*~*~ (stealth).
 22415 | D:13     | Noticed Kirke
 22416 | D:13     | 22416 ||| Stepping ~*~*~tactically~*~*~ (stealth).
 22419 | D:13     | 22419 ||| Stepping ~*~*~tactically~*~*~ (hiding).
 22423 | D:13     | 22423 ||| INVOKING Trog's Hand.
 22424 | D:13     | 22424 ||| INVOKING Brothers in Arms.
 22425 | D:13     | 22425 ||| INVOKING Berserk.
 22436 | D:13     | Killed Kirke
 22535 | D:13     | Noticed Azrael
 22536 | D:13     | 22536 ||| INVOKING Brothers in Arms.
 22539 | D:13     | 22539 ||| INVOKING Berserk.
 22542 | D:13     | Killed Azrael
 22610 | D:13     | 22610 ||| Stepping ~*~*~tactically~*~*~ (stealth).
 22615 | D:13     | 22615 ||| Stepping ~*~*~tactically~*~*~ (stealth).
 22624 | D:13     | 22624 ||| FLEEEEING.
 22625 | D:13     | 22625 ||| FLEEEEING.
 22626 | D:13     | 22626 ||| FLEEEEING.
 22627 | D:13     | 22627 ||| FLEEEEING.
 22628 | D:13     | 22628 ||| STAIRDANCE
 22781 | D:13     | 22781 ||| Stepping ~*~*~tactically~*~*~ (stealth).
 22788 | D:13     | 22788 ||| Stepping ~*~*~tactically~*~*~ (stealth).
 22793 | D:13     | 22793 ||| Stepping ~*~*~tactically~*~*~ (stealth).
 22799 | D:13     | 22799 ||| INVOKING Berserk.
 22928 | D:13     | 22928 ||| READING scroll of enchant weapon.
 22928 | D:13     | 22928 ||| ENCHANTING +7 vampiric broad axe.
 22960 | D:13     | 22960 ||| Stepping ~*~*~tactically~*~*~ (stealth).
 22963 | D:13     | 22963 ||| Stepping ~*~*~tactically~*~*~ (stealth).
 22964 | D:13     | 22964 ||| Stepping ~*~*~tactically~*~*~ (stealth).
 22969 | D:13     | 22969 ||| SWAPPING to +2 war axe of flaming.
 22976 | D:13     | 22976 ||| SWAPPING to +8 vampiric broad axe.
 22997 | D:13     | 22997 ||| READING scroll of enchant weapon.
 22997 | D:13     | 22997 ||| ENCHANTING +8 vampiric broad axe.
 23166 | D:14     | 23166 ||| SWAPPING to +2 war axe of flaming.
 23177 | D:14     | 23177 ||| SWAPPING to +9 vampiric broad axe.
 23258 | D:14     | 23258 ||| Stepping ~*~*~tactically~*~*~ (stealth).
 23262 | D:14     | 23262 ||| Stepping ~*~*~tactically~*~*~ (stealth).
 23270 | D:14     | Reached skill level 18 in Axes
 23405 | D:14     | 23405 ||| Stepping ~*~*~tactically~*~*~ (hiding).
 23409 | D:14     | 23409 ||| Stepping ~*~*~tactically~*~*~ (hiding).
 23410 | D:14     | 23410 ||| Stepping ~*~*~tactically~*~*~ (hiding).
 23415 | D:14     | Reached skill level 9 in Shields
 23486 | D:14     | 23486 ||| INVOKING Berserk.
 23730 | D:14     | Noticed a lich
 23730 | D:14     | Noticed qw's ghost (journeyman MiBe)
 23733 | D:14     | Noticed a tengu reaver
 23748 | D:14     | 23748 ||| Stepping ~*~*~tactically~*~*~ (hiding).
 23749 | D:14     | 23749 ||| Stepping ~*~*~tactically~*~*~ (hiding).
 23752 | D:14     | 23752 ||| Stepping ~*~*~tactically~*~*~ (hiding).
 23922 | D:14     | Found a runed translucent door.
 23924 | D:14     | Found a runed translucent door.
 24129 | D:14     | Found a gate to the Vaults.
 24484 | D:15     | Entered Level 15 of the Dungeon
 24541 | D:15     | 24541 ||| Stepping ~*~*~tactically~*~*~ (hiding).
 24601 | D:15     | 24601 ||| Stepping ~*~*~tactically~*~*~ (hiding).
 24649 | D:15     | 24649 ||| Stepping ~*~*~tactically~*~*~ (stealth).
 24651 | D:15     | 24651 ||| Stepping ~*~*~tactically~*~*~ (hiding).
 24652 | D:15     | 24652 ||| Stepping ~*~*~tactically~*~*~ (hiding).
 24667 | D:15     | Reached skill level 3 in Dodging
 24717 | D:15     | 24717 ||| INVOKING Berserk.
 24756 | D:15     | 24756 ||| FLEEEEING.
 24757 | D:15     | 24757 ||| FLEEEEING.
 24758 | D:15     | 24758 ||| FLEEEEING.
 24759 | D:15     | 24759 ||| FLEEEEING.
 24760 | D:15     | 24760 ||| STAIRDANCE
 24895 | D:15     | 24895 ||| Stepping ~*~*~tactically~*~*~ (hiding).
 24940 | D:15     | 24940 ||| Stepping ~*~*~tactically~*~*~ (stealth).
 24970 | D:15     | 24970 ||| Stepping ~*~*~tactically~*~*~ (stealth).
 24973 | D:15     | 24973 ||| Stepping ~*~*~tactically~*~*~ (stealth).
 24978 | D:15     | 24978 ||| INVOKING Berserk.
 25503 | D:15     | 25503 ||| Stepping ~*~*~tactically~*~*~ (stealth).
 25512 | D:15     | 25512 ||| Stepping ~*~*~tactically~*~*~ (stealth).
 25514 | D:15     | 25514 ||| INVOKING Trog's Hand.
 25518 | D:15     | Reached skill level 15 in Fighting
 25522 | D:15     | 25522 ||| INVOKING Berserk.
 25584 | D:15     | 25584 ||| Stepping ~*~*~tactically~*~*~ (stealth).
 25593 | D:15     | 25593 ||| INVOKING Trog's Hand.
 25595 | D:15     | 25595 ||| INVOKING Berserk.
 25662 | D:15     | 25662 ||| Stepping ~*~*~tactically~*~*~ (stealth).
 25693 | D:15     | Found a staircase to the Depths.
 25930 | D:15     | 25930 ||| PLANNING ORC
 25930 | D:15     | 25930 ||| UPGRADING to +0 kite shield of protection.
 25940 | D:15     | 25940 ||| DROPPING +2 buckler.
 26068 | Orc:1    | Entered Level 1 of the Orcish Mines
 26071 | Orc:1    | 26071 ||| INVOKING Berserk.
 26421 | Orc:2    | Entered Level 2 of the Orcish Mines
 26450 | Orc:2    | 26450 ||| Stepping ~*~*~tactically~*~*~ (hiding).
 26452 | Orc:2    | 26452 ||| INVOKING Trog's Hand.
 26453 | Orc:2    | 26453 ||| INVOKING Berserk.
 26578 | Orc:2    | Found a staircase to the Elven Halls.
 26773 | Orc:2    | 26773 ||| Stepping ~*~*~tactically~*~*~ (stealth).
 26776 | Orc:2    | Reached XP level 16. HP: 108/108 MP: 16/16
 26806 | Orc:2    | 26806 ||| Stepping ~*~*~tactically~*~*~ (stealth).
 26809 | Orc:2    | 26809 ||| Stepping ~*~*~tactically~*~*~ (hiding).
 26810 | Orc:2    | 26810 ||| Stepping ~*~*~tactically~*~*~ (hiding).
 26821 | Orc:2    | 26821 ||| Stepping ~*~*~tactically~*~*~ (stealth).
 26835 | Orc:2    | 26835 ||| Stepping ~*~*~tactically~*~*~ (hiding).
 26836 | Orc:2    | 26836 ||| Stepping ~*~*~tactically~*~*~ (hiding).
 26843 | Orc:2    | 26843 ||| INVOKING Berserk.
 26858 | Orc:2    | 26858 ||| INVOKING Trog's Hand.
 26867 | Orc:2    | 26867 ||| INVOKING Trog's Hand.
 26867 | Orc:2    | HP: 19/107 [orc priest/divine providence (15)]
 26867 | Orc:2    | Killed from afar by an orc high priest

Levels and vault maps discovered:
D:1:      dpeg_arrival_refuge, layout_loops_corners,
          dreamdust_ecumenical_altar_hidden_monk_grotto
D:2:      layout_loops_ring, minmay_misc_feat_x, chequers_serial_rivers_small_3,
          uniq_terence, uniq_sigmund, uniq_crazy_yiuf_cottage, uniq_natasha
D:3:      layout_loops_ring, minmay_gold_behind_fungi, hex_medium
D:4:      layout_gridville, kiku_gazebo_garden_becter, vehumet_statue,
          minmay_temple_entry_hall, gammafunk_ghost_arena,
          kennysheep_small_square
D:5:      layout_gridville, nicolae_ossuary_entry_plus
D:6:      layout_basic, kennysheep_orc_sif_temple, serial_shops, shop,
          uniq_maggie, uniq_grinder, uniq_menkaure
D:7:      layout_basic, kennysheep_mini_moat, dk_yredelemnul_ordeal,
          gammafunk_ghost_necromancy
D:8:      layout_basic, grunt_lair_entry_orc_guard_hut, serial_ice,
          serial_ice_h, serial_ice_e, serial_ice_i, serial_ice_g,
          nicolae_zen_rock_garden, st_stairs_11
D:9:      layout_irregular_city, overflow_temple_1_default,
          nicolae_ru_awakened_eye, minmay_misc_feat_roman, guppyfry_shop_venom
D:10:     layout_irregular_city, kennysheep_slug_shrine, orc_0_dummy,
          uniq_psyche
D:11:     layout_cave_pools, serial_bayou, serial_bayou_pond_a,
          serial_bayou_crossing, serial_bayou_pond_b, serial_bayou_pond_c
D:12:     layout_basic, portal_ice_cave_entry_pillars_1, minmay_splitting_lines,
          uniq_erolcha, uniq_maurice
D:13:     layout_rooms, uniq_kirke, uniq_azrael
D:14:     layout_stronghold, david_vaults_1, muffindrake_ghost_dual_entry,
          serial_bayou_shore_b
D:15:     grunt_enter_depths_magical_seal, layout_loops_ring,
          hangedman_abyss_or_decor_lesser_grid
Lair:1:   layout_chaotic_city, uniq_urug
Lair:2:   layout_chaotic_city, nicolae_swamp_entry_splash_gauntlet,
          spider_nest_entry_a, serial_forest, infiniplex_forest_clump_long,
          infiniplex_forest_clump_double, infiniplex_forest_diagonal,
          infiniplex_forest_zigzag_1, infiniplex_forest_lined_2,
          infiniplex_forest_straight_3, infiniplex_forest_clump_double,
          chequers_serial_rivers_room_b, uniq_amaemon, uniq_nergalle, uniq_sonja
Lair:3:   layout_roguey, gauntlet_entry_generic, lemuel_fruit_tree
Lair:4:   layout_roguey, slime_entry_1, basic_altar,
          cheibrodos_lair_caveside_slide
Lair:5:   hangedman_lair_caniforms_friends, layout_misc_corridors,
          guppyfry_lair_end_dragon, serial_bayou_pond_a, st_stairs_12,
          nicolae_lair_time_for_slime
Orc:1:    layout_caves
Orc:2:    st_orc_congregation, layout_diamond_mine, david_defended_altar_orc

Skill      XL: |  1  2  3  4  5  6  7  8  9 10 11 12 13 14 15 16 |
---------------+-------------------------------------------------+-----
Axes           | 3 4 5 7 8 10 11 12 14 15 17 18 | 18.0
Fighting       | 5 6 7 9 10 11 12 13 15 | 15.0
Shields        | 2 3 4 5 6 7 8 9 10 | 10.0
Throwing       | 3 4 5 |  5.0
Armour         | 4 9 10 11 12 | 12.5
Dodging        | 2 3 |  3.0

Action                   |  1- 3 |  4- 6 |  7- 9 | 10-12 | 13-15 | 16-18 || total
-------------------------+-------+-------+-------+-------+-------+-------++-------
Melee: Hand axe          |    70 |   137 |    88 |     7 |    40 |       ||   342
       Broad axe         |       |       |   107 |   373 |   991 |    35 ||  1506
       War axe           |       |       |       |       |    19 |       ||    19
Throw: Boomerang         |       |     8 |    53 |    20 |       |       ||    81
       Javelin           |       |       |       |    53 |    29 |       ||    82
Invok: Berserk           |     3 |     4 |     9 |    20 |    25 |     1 ||    62
       Trog's Hand       |       |       |     1 |       |     5 |     2 ||     8
       Brothers in Arms  |       |       |       |       |     7 |       ||     7
  Use: Scroll            |     3 |     4 |    15 |     3 |     7 |       ||    32
       Potion            |     1 |     1 |     5 |       |     1 |       ||     8
 Stab: Distracted        |       |       |       |     1 |     1 |       ||     2
Armor: Animal skin       |    18 |    21 |       |       |       |       ||    39
       Ring mail         |       |    25 |     9 |       |       |       ||    34
       Scale mail        |       |       |    83 |    57 |       |       ||   140
       Plate armour      |       |       |       |   169 |   590 |    21 ||   780
Dodge: Dodged            |    24 |    71 |    96 |   124 |   265 |    12 ||   592
       Repelled          |       |       |       |       |     4 |       ||     4
Block: Buckler           |       |    10 |    49 |   102 |   266 |       ||   427
       Kite shield       |       |       |       |       |    15 |    13 ||    28

Table legend:
 A = Non-vault XP
 B = Vault XP
 C = Vault XP percentage of total XP
 D = Non-vault monster count
 E = Vault monster count
 F = Vault count percentage of total count
                 A         B        C        D         E       F
            +---------+---------+-------+---------+---------+-------
      Total |   91881 |   39942 |  30.3 |     454 |     176 |  27.9
            +---------+---------+-------+---------+---------+-------
        D:1 |      19 |       0 |   0.0 |      13 |       0 |   0.0
        D:2 |     148 |     310 |  67.7 |      21 |       3 |  12.5
        D:3 |      38 |       0 |   0.0 |      10 |       0 |   0.0
        D:4 |     122 |     139 |  53.3 |      11 |       5 |  31.2
        D:5 |     312 |       0 |   0.0 |      12 |       0 |   0.0
        D:6 |     965 |    1065 |  52.5 |      20 |       8 |  28.6
        D:7 |    2162 |       1 |   0.0 |      24 |       1 |   4.0
        D:8 |    2226 |    2101 |  48.6 |      23 |      19 |  45.2
        D:9 |    3085 |      27 |   0.9 |      44 |       2 |   4.3
       D:10 |    2836 |     375 |  11.7 |      20 |       2 |   9.1
       D:11 |    2797 |    1257 |  31.0 |      17 |       4 |  19.0
       D:12 |    7407 |    1337 |  15.3 |      28 |       2 |   6.7
       D:13 |    8029 |    3606 |  31.0 |      18 |       9 |  33.3
       D:14 |   10577 |     525 |   4.7 |      18 |       2 |  10.0
       D:15 |   13739 |    4196 |  23.4 |      27 |       8 |  22.9
     Lair:1 |    4050 |     794 |  16.4 |      16 |       1 |   5.9
     Lair:2 |    5561 |    5775 |  50.9 |      27 |      13 |  32.5
     Lair:3 |   11038 |       0 |   0.0 |      41 |       0 |   0.0
     Lair:4 |    4131 |       0 |   0.0 |      20 |       0 |   0.0
     Lair:5 |    9926 |   15690 |  61.3 |      27 |      73 |  73.0
      Orc:1 |    1705 |       0 |   0.0 |      11 |       0 |   0.0
      Orc:2 |    1008 |    2744 |  73.1 |       6 |      24 |  80.0
            +---------+---------+-------+---------+---------+-------
